 Dungeon Crawl Stone Soup version 0.32-a0-630-g46d191b0ed (webtiles) character file.

Game seed: 7072156605551815479

1563 Alarak the Destroyer (level 8, -1/52 HPs)
             Began as a Demonspawn Fire Elementalist on Mar 7, 2024.
             Slain by an iron imp (4 damage)
             ... summoned by Eustachio
             ... on level 6 of the Dungeon.
             The game lasted 00:17:24 (7447 turns).

Alarak the Destroyer (Demonspawn Fire Elementalist) Turns: 7447, Time: 00:17:25

Health: -1/52      AC:  6    Str: 13    XL:     8   Next: 58%
Magic:  0/12       EV: 12    Int: 17    God:
Gold:   196        SH:  9    Dex: 16    Spells: 7/13 levels left

rFire   . . .        m - +5 dagger of Umysetto {freeze, Str+3 Dex+3}
rCold   . . .        (no shield)
rNeg    . . .        a - +0 robe
rPois   +            (no helmet)
rElec   .            d - scarf {shadows}
rCorr   .            (no gloves)
SInv    +            s - +1 pair of boots
Will    .....        t - amulet of reflection
Stlth   ++           j - ring of poison resistance
HPRegen 0.28/turn    b - ring of see invisible
MPRegen 0.13/turn

%: reflection
@: brilliant, hasted, very quick
A: molten scales 1, condensation shield, weakness stinger 1
a: no special abilities


You were on level 6 of the Dungeon.
You visited 1 branch of the dungeon, and saw 6 of its levels.

You collected 196 gold pieces.

Inventory:

Hand Weapons
 m - the +5 dagger of Umysetto (weapon) {freeze, Str+3 Dex+3}
   (You took it off a hobgoblin on level 3 of the Dungeon)

   Str+3:     It affects your strength (+3).
   Dex+3:     It affects your dexterity (+3).
 o - a +4 quarterstaff of chaos
Missiles
 v - a throwing net
Armour
 a - a +0 robe (worn)
 d - a scarf of shadows (worn)
 n - a +0 cloak
 s - a +1 pair of boots (worn)
Jewellery
 b - a ring of see invisible (right hand)
 j - a ring of poison resistance (left hand)
 q - an amulet of the acrobat
 r - a ring of resist corrosion
 t - an amulet of reflection (around neck)
Wands
 k - a wand of mindburst (10)
 l - a wand of polymorph (6)
Scrolls
 c - a scroll of vulnerability
 p - 2 scrolls of revelation
Potions
 e - 4 potions of degeneration
 g - a potion of brilliance


   Skills:
 - Level 1.7 Dodging
 - Level 1.7 Stealth
 - Level 3.0 Spellcasting
 + Level 8.8 Conjurations
 - Level 6.0 Fire Magic


You had 7 spell levels left.
You knew the following spells:

 Your Spells              Type           Power      Damage    Failure   Level
a - Foxfire               Conj/Fire      100%       2x1d9     1%          1
b - Scorch                Fire           68%        2d7       2%          2
c - Inner Flame           Hex/Fire       19%        N/A       16%         3

Your spell library contained the following spells:

 Spells                   Type           Power      Damage    Failure   Level
 Sting                    Conj/Alch      100%       1d9       2%          1
 Stone Arrow              Conj/Erth      52%        3d10      9%          3
 Flame Wave               Conj/Fire      41%        2d11      9%          4
 Volatile Blastmotes      Fire/Tloc      38%        2d13      16%         3
 Sandblast                Erth           6%         2d5       17%         1
 Call Imp                 Summ           6%         N/A       26%         2
 Lesser Beckoning         Tloc           6%         N/A       26%         2
 Mercury Vapours          Alch/Air       6%         N/A       26%         2
 Sublimation of Blood     Necr           3%         N/A       26%         2
 Brom's Barrelling Bould  Conj/Erth      26%        2d5       28%         4
 Frozen Ramparts          Ice            6%         1d1       45%         3
 Gell's Gravitas          Tloc           3%         N/A       45%         3
 Passwall                 Erth           3%         N/A       45%         3
 Teleport Other           Tloc           3%         N/A       45%         3
 Starburst                Conj/Fire      20%        6d7       77%         6
 Leda's Liquefaction      Alch/Erth      1%         N/A       86%         4
 Olgreb's Toxic Radiance  Alch           3%         N/A       86%         4
 Petrify                  Alch/Erth      3%         N/A       86%         4
 Metabolic Englaciation   Hex/Ice        1%         N/A       99%         5
 Plasma Beam              Fire/Air       9%         2x1d20    100%        6
 Summon Hydra             Summ           1%         N/A       100%        7


Dungeon Overview and Level Annotations

Branches:
Dungeon (6/15)             Temple (0/1) D:5

Altars:
Xom

Annotations:
D:6 Eustachio


Innate Abilities, Weirdness & Mutations

You are partially covered in molten scales. (AC +2)
A meltable shield of frost defends you. (SH +4)
You have a small tail.


Message History

Your butterfly disappears in a burst of colours!
Your butterfly is engulfed in poison gas.
Your butterfly is poisoned.
You kill your butterfly!
Your butterfly disappears in a burst of colours!
Your butterfly is engulfed in poison gas.
Your butterfly is poisoned.
You kill your butterfly!
Your butterfly disappears in a burst of colours!
Your butterfly is engulfed in poison gas.
Your butterfly is poisoned.
You kill your butterfly!
Your butterfly disappears in a burst of colours!
Okay, then.
Okay, then.
You are too injured to fight recklessly!
Casting: Scorch (safe; 2% risk of failure)
Confirm with . or Enter, or press ? or * to list all spells.
You feel a surge of power!
You conjure some foxfire!
The foxfire hits the bullfrog zombie.
You destroy the bullfrog zombie!
The iron imp misses your butterfly.
Your butterfly is engulfed in poison gas.
Your butterfly is poisoned.
You kill your butterfly!
Your butterfly disappears in a burst of colours!
Casting: Foxfire (safe; 1% risk of failure)
Confirm with . or Enter, or press ? or * to list all spells.
You feel a surge of power!
You conjure some foxfire!
Your butterfly is engulfed in poison gas.
Your butterfly is poisoned.
You kill your butterfly!
Your butterfly disappears in a burst of colours!
The iron imp puffs mist at you. The iron imp misses you.
The foxfire hits the iron imp but does no damage.
The foxfire hits the iron imp.
The iron imp completely resists.
The foxfire hits the iron imp.
The iron imp completely resists.
You hit the iron imp but do no damage. The iron imp hits you.
You die...

#.#.# #.#.#
##########.#<# ß..
.........#.#######Pß
########.#.†...°.#..
#....).####☼#.#
#.#.##.# #.#.#
#.#.##.# #☼#☼#
#.#.##.####@.§#
..#o##.☼°.○5☼§#
#..####...##○☼☼°°.5.#
#..#.......#.#☼##.#.#
#..#o####..#.#........
#.?#.# #..#.## .○°☼###
##..#o# #..#.) ..○#
.o.)#o# #..### .
###.#.####...


You could see 2 iron imps.

Vanquished Creatures
  Menkaure (D:5)
  Edmund (D:6)
  A water moccasin (D:5)
  A black bear (D:4)
  An ogre (D:5)
  2 phantoms
  A kobold brigand (D:5)
  A wyvern zombie (D:6)
  A bullfrog (D:5)
  A scorpion (D:3)
  A centaur zombie (D:6)
  2 bullfrog zombies (D:6)
  Crazy Yiuf (D:4)
  3 hounds
  A jelly (D:5)
  2 sleepcaps
  3 iguanas
  2 orc wizards
  4 gnolls (D:5)
  2 howler monkey skeletons (D:6)
  7 adders
  A white imp (D:4)
  A ribbon worm (D:3)
  3 dart slugs
  4 orcs
  7 ball pythons
  9 endoplasms
  A giant cockroach (D:3)
  11 goblins
  6 hobgoblins
  3 jackals (D:2)
  11 quokkas
  6 bats
  3 frilled lizards
  9 kobolds
  4 rats
118 creatures vanquished.

Vanquished Creatures (collateral kills)
  A foxfire (D:6)
1 creature vanquished.

Vanquished Creatures (others)
  370 foxfires
370 creatures vanquished.

Grand Total: 489 creatures vanquished

Notes
Turn   | Place    | Note
-------+----------+-------------------------------------------
     0 | D:1      | Alarak the Demonspawn Fire Elementalist began the quest for
                  | the Orb.
     0 | D:1      | Reached XP level 1. HP: 13/13 MP: 3/3
   159 | D:1      | You fall into a shaft and drop 1 floor!
   164 | D:2      | Reached skill level 2 in Conjurations
   207 | D:2      | Gained mutation: You are partially covered in molten
                  | scales. (AC +2) [demonic ancestry]
   207 | D:2      | Reached XP level 2. HP: 19/19 MP: 0/5
   634 | D:2      | Reached skill level 3 in Conjurations
   716 | D:1      | Reached XP level 3. HP: 24/24 MP: 2/6
   851 | D:1      | Learned a level 2 spell: Scorch
  2369 | D:3      | Found a faded altar of an unknown god.
  2726 | D:3      | Reached XP level 4. HP: 29/30 MP: 5/8
  2843 | D:3      | Noticed a scorpion
  2854 | D:3      | Killed a scorpion
  2855 | D:3      | HP: 1/30 [poisoned by a scorpion]
  3164 | D:3      | Gained mutation: A meltable shield of frost defends you.
                  | (SH +4) [demonic ancestry]
  3164 | D:3      | Reached XP level 5. HP: 35/35 MP: 5/9
  3324 | D:3      | Identified the +5 dagger of Umysetto {freeze, Str+3 Dex+3}
  4153 | D:4      | Noticed a phantom
  4161 | D:4      | Killed a phantom
  4162 | D:4      | Reached skill level 5 in Fire Magic
  4162 | D:4      | Gained mutation: You have a small tail. [demonic ancestry]
  4162 | D:4      | Reached XP level 6. HP: 41/41 MP: 0/10
  4979 | D:4      | Found a runed translucent door.
  4980 | D:4      | Noticed Crazy Yiuf
  4988 | D:4      | Killed Crazy Yiuf
  5031 | D:4      | Learned a level 3 spell: Inner Flame
  5075 | D:5      | Entered Level 5 of the Dungeon
  5120 | D:5      | Reached XP level 7. HP: 46/46 MP: 3/11
  5273 | D:5      | Reached skill level 4 in Conjurations
  5461 | D:5      | Reached skill level 5 in Conjurations
  5549 | D:5      | Noticed Menkaure
  5597 | D:5      | Killed Menkaure
  5658 | D:5      | Found a staircase to the Ecumenical Temple.
  5794 | D:5      | Reached skill level 6 in Conjurations
  5982 | D:5      | Reached XP level 8. HP: 38/52 MP: 1/12
  6329 | D:5      | Reached skill level 7 in Conjurations
  6463 | D:5      | Found a shimmering altar of Xom.
  7071 | D:6      | Reached skill level 8 in Conjurations
  7180 | D:6      | Noticed Edmund
  7185 | D:6      | Killed Edmund
  7415 | D:6      | Noticed Eustachio
  7440 | D:6      | HP: 2/52 [iron imp[Eustachio] (8)]
  7447 | D:6      | Slain by an iron imp

Illustrated notes

Levels and vault maps discovered:
D:1:      eino_arrival_druids_welcome, layout_loops_cross
D:2:      layout_basic
D:3:      layout_loops_ring, dreamdust_ecumenical_altar_grove,
          serial_co_window_serial, co_window_of_opportunity_a,
          co_window_of_opportunity_a, co_window_paths_b, co_window_paths_b,
          co_window_corner_a, co_window_corner_a, co_window_paths_b,
          co_window_paths_a, co_window_paths_a, co_window_broadway_c,
          co_window_corner_b, co_window_broadway_b, co_window_corner_cb,
          co_window_2corner, co_window_unsneaky_path_b
D:4:      layout_cave_pools, serial_library, serial_library_hellmonk_room_a,
          serial_library_hellmonk_double_dead_end,
          serial_library_hellmonk_room_a, serial_library_hellmonk_small_corner,
          serial_library_hellmonk_open_cross,
          serial_library_hellmonk_metal_room,
          serial_library_hellmonk_angled_corner, small_statue_intersection,
          chequers_serial_rivers_micro_e, uniq_crazy_yiuf_cottage
D:5:      layout_loops_ring, mainiacjoe_overflow_surrounded_room,
          temple_statues, lexackson_kobold_supper, uniq_menkaure
D:6:      layout_basic, chequers_temple_overflow_statue_of_worship,
          portal_sewer_entry_f, serial_undead, serial_undead_f, serial_undead_c,
          serial_undead_e, serial_undead_c, serial_undead_c, serial_undead_d,
          serial_undead_a, ebering_ghost_xom, uniq_edmund, uniq_eustachio

Skill      XL: |  1  2  3  4  5  6  7  8 |
---------------+-------------------------+-----
Conjurations   | 2 3 6 8 |  8.8
Spellcasting   | 3 |  3.0
Fire Magic     | 3 5 6 |  6.0
Dodging        | |  1.7
Stealth        | |  1.7

Action                     |  1- 3 |  4- 6 |  7- 9 || total
---------------------------+-------+-------+-------++-------
  Melee: Unarmed           |     1 |       |       ||     1
         Dagger            |    17 |    24 |   160 ||   201
         Whip              |     2 |     4 |       ||     6
         Tailslap          |       |       |    41 ||    41
   Cast: Foxfire           |    96 |    81 |    38 ||   215
         Scorch            |    10 |    21 |    31 ||    62
         Inner Flame       |       |     1 |    15 ||    16
    Use: Scroll            |     8 |     4 |     3 ||    15
         Potion            |       |     3 |     2 ||     5
   Stab: Sleeping          |       |       |     1 ||     1
 Armour: Robe              |    10 |    22 |    46 ||    78
  Dodge: Dodged            |    24 |    18 |    34 ||    76
  Block: Other             |       |     7 |    32 ||    39
         Reflection        |       |       |     2 ||     2

Table legend: (Time is in decaauts)
 A = Elapsed time spent in this place.
 B = Non-inter-level travel time spent in this place.
 C = Inter-level travel time spent in this place.
 D = Time resting spent in this place.
 E = Time spent auto-exploring this place.
 F = Levels seen in this place.
 G = Mean time per level.
                   A        B        C        D        E       F      G
               +--------+--------+--------+--------+--------+-----+--------+
         Total |   7444 |   7130 |    314 |    661 |   5470 |   6 | 1240.7 |
       Dungeon |   7444 |   7130 |    314 |    661 |   5470 |   6 | 1240.7 |
               +--------+--------+--------+--------+--------+-----+--------+

Top non-repeatable levels by time:
     D:5: 1897 daAuts
     D:3: 1445 daAuts
     D:4: 1375 daAuts
     D:2: 1279 daAuts
     D:1: 1076 daAuts
     D:6: 370 daAuts
